 Dungeon Crawl Stone Soup version 0.17.2-1-ge4368a0 (webtiles) character file.

160 rlgrobin the Insei (level 5, -6/41 HPs)
             Began as a Mummy Monk on May 2, 2017.
             Shot with a stone by a goblin (8 damage)
             ... on level 3 of the Dungeon.
             The game lasted 00:02:48 (3492 turns).

rlgrobin the Insei (Mummy Monk)                     Turns: 3492, Time: 00:02:48

Health: -6/41      AC:  1    Str: 14    XL:     5   Next: 17%
Magic:  5/5        EV: 13    Int: 10    God:
Gold:   85         SH:  0    Dex: 15    Spells: 0 memorised, 4 levels left

rFire  x . .     SeeInvis .       - Unarmed
rCold  + . .     Clarity  .     (no armour)
rNeg   + + +     SustAt   .     (no shield)
rPois  ∞         Gourm    .     i - +0 helmet
rElec  .         Spirit   .     (no cloak)
rCorr  .         Warding  .     (no gloves)
rMut   .         Stasis   .     (no boots)
MR     .....                    (no amulet)
Stlth  ++........               (no ring)
                                (no ring)

@: not resistant to hostile enchantments, unstealthy
A: no food or potions, fire vulnerability, cold resistance 1, negative energy
resistance 3, torment resistance, unbreathing
a: no special abilities


You were on level 3 of the Dungeon.
You were not hungry.

You visited 1 branch of the dungeon, and saw 3 of its levels.

You collected 85 gold pieces.


Innate Abilities, Weirdness & Mutations

You do not eat or drink.
Your flesh is vulnerable to fire.
You are immune to poison.
Your flesh is cold resistant.
You are immune to negative energy.
You are immune to unholy pain and torment.
You can survive without breathing.


   Skills:
 + Level 3.6 Fighting
 - Level 2.4 Dodging
 - Level 1.5 Stealth
 - Level 5.1 Unarmed Combat


You had 4 spell levels left.
You didn't know any spells.

Inventory:

Armour
 b - a +0 buckler
 d - a +0 robe
 i - a +0 helmet (worn)
Scrolls
 a - 2 scrolls of remove curse {unknown}
 c - 3 scrolls of identify {unknown}
 e - a scroll of enchant weapon {unknown}
 f - a scroll of random uselessness {unknown}
 g - a scroll of amnesia {unknown}
 h - a scroll of magic mapping {unknown}

Dungeon Overview and Level Annotations

Branches:
Dungeon (3/15)

Altars:

Annotations:
D:2 exclusion: Natasha, Natasha, Terence
D:3 exclusion: Sigmund, Sigmund

▒.. ▒.▒..<..........▒▒.▒...
▒... ▒....g.g......▒.▒▒.▒...
.▒@...▒▒.....▒..▒▒.▒......▒...
.............▒..▒▒.▒........▒.
.▒.▒▒▒▒▒.....▒(.▒▒.▒......▒▒▒.
............▒..▒ ▒......▒▒▒.
▒.▒▒▒▒▒..▒▒.▒..▒ ▒.......... ▒
▒. ▒.)▒▒.(..▒ .▒......▒▒▒.
▒.▒.▒▒▒▒▒..▒▒.M..▒▒.▒....!▒▒
▒▒
▒▒▒.▒........▒▒....▒▒.▒.....▒
.............▒▒....▒▒.▒.▒...▒
▒.▒(.......▒▒....▒▒.▒.▒...▒
▒........▒▒....▒▒.▒.....▒
▒.▒.▒▒▒..▒▒..>.▒▒.▒.▒...▒
▒.▒.▒.........▒..▒..▒.▒...▒
▒..........................▒
▒..▒.▒▒▒▒▒..▒..▒.▒▒.▒▒.▒.▒▒▒


You could see a hobgoblin and a goblin.


Message History

You take 3 damage, and have 16/41 hp!
The hobgoblin shoots a sling bullet!
The sling bullet closely misses you!
Things that are here:
a sling bullet; a stone The goblin shoots a stone!
The stone misses you!
You see here a stone!
The hobgoblin shoots a sling bullet!
The sling bullet barely misses you!
The hobgoblin shoots a sling bullet!
The sling bullet hits you! * * * don't die
* * * You see here a sling bullet!
You take 6 damage, and have 10/41 hp!
The hobgoblin shoots a sling bullet!
The sling bullet hits you but does no damage!
You see here a sling bullet!
The hobgoblin hits you with a club!!! * * * don't die
* * * You take 7 damage, and have 4/41 hp!
There is a stone staircase leading up here!
Really walk into that teleport trap?
Okay, then!
The teleport trap disappears!
The hobgoblin disappears!!!
The goblin shoots a stone!
The stone hits you but does no damage!
You see here a stone!
The goblin shoots a stone!
The stone misses you!
The hobgoblin shoots a sling bullet!
The sling bullet hits you! * * * don't die
* * * You see here a sling bullet!
You take 4 damage, and have 2/41 hp!
The goblin shoots a stone!
The stone hits you!!! rip

Action                   |  1- 3 |  4- 6 || total
-------------------------+-------+-------++-------
Melee: Unarmed           |   109 |   107 ||   216
 Stab: Sleeping          |     6 |     3 ||     9

Vault maps used:
D:1:      tarquinn_simple_flora_water_f, minmay_shallow_snake_nest
D:2:      wad_river_or_something, first_bread, minivault_26, uniq_terence,
          uniq_jessica, uniq_natasha
D:3:      minmay_goblin_kobold_castle, lemuel_zombie_altar_yredelemnul,
          uniq_grinder, uniq_sigmund

Notes
Turn   | Place    | Note
--------------------------------------------------------------
     0 | D:1      | rlgrobin the Mummy Monk began the quest for the Orb.
     0 | D:1      | Reached XP level 1. HP: 18/18 MP: 1/1
   269 | D:1      | Reached XP level 2. HP: 24/24 MP: 2/2
   692 | D:1      | Reached skill level 4 in Unarmed Combat
   765 | D:1      | Reached XP level 3. HP: 26/29 MP: 3/3
  1135 | D:2      | Noticed Jessica
  1139 | D:2      | Killed Jessica
  1273 | D:2      | Reached XP level 4. HP: 13/35 MP: 4/4
  1874 | D:2      | Reached skill level 5 in Unarmed Combat
  2342 | D:2      | Noticed Terence
  2547 | D:2      | Noticed Natasha
  2963 | D:2      | HP: 1/35 [worker ant (6)]
  2967 | D:2      | Reached XP level 5. HP: 2/41 MP: 5/5
  3315 | D:3      | Noticed Sigmund
  3475 | D:3      | HP: 4/41 [hobgoblin/club (7)]
  3491 | D:3      | HP: 2/41 [hobgoblin/sling bullet (4)]
  3492 | D:3      | Shot with a stone by a goblin

Vanquished Creatures
  Jessica (D:2)
  A worker ant (D:2)
  4 adders (D:2)
  3 oozes
  A worm (D:2)
  2 giant geckos
  4 giant cockroaches
  7 goblins
  6 hobgoblins
  3 kobolds
  4 quokkas
  2 ball pythons (D:1)
  9 bats
  5 giant newts (D:2)
  5 rats
57 creatures vanquished.
